 Dungeon Crawl Stone Soup version 0.27.1-35-g4d5d836560 (webtiles) character file.

Game seed: 7438176449016965840

24 Delamore the Sneak (level 3, -1/24 HPs)
             Began as an Octopode Brigand on Apr 8, 2022.
             Slain by a goblin (7 damage)
             ... led by Robin
             ... on level 2 of the Dungeon.
             The game lasted 00:00:50 (955 turns).

Delamore the Sneak (Octopode Brigand)                Turns: 955, Time: 00:00:51

Health: -1/24      AC:  1    Str: 10    XL:     3   Next: 2%
Magic:  3/3        EV: 12    Int: 13    God:
Gold:   23         SH:  0    Dex: 14    Spells: 2/2 levels left

rFire    . . .     SeeInvis .   h - +0 dagger (elec)
rCold    . . .     Faith    .   (no shield)
rNeg     . . .     Spirit   .   (helmet restricted)
rPois    .         Reflect  .   (no amulet)
rElec    .         Harm     .   (no ring)
rCorr    .         Rampage  .   (no ring)
Will     .....                  (no ring)
Stlth    ++++......             (no ring)
HPRegen  0.08/turn              (no ring)
MPRegen  0.08/turn              (no ring)
                                (no ring)
                                (no ring)

@: no status effects
A: almost no armour, amphibious, 8 rings, camouflage 1, gelatinous body 1,
(nimble swimmer 1), tentacles
a: no special abilities


You were on level 2 of the Dungeon.
You visited 1 branch of the dungeon, and saw 2 of its levels.

You collected 23 gold pieces.

Inventory:

Hand Weapons
 a - a +2 dagger
 f - a +0 short sword
 h - a +0 dagger of electrocution (weapon)
Missiles
 b - 8 poisoned darts (quivered)
 c - 2 curare-tipped darts
Scrolls
 e - a scroll of identify {unknown}
 g - a scroll of enchant armour {unknown}
Potions
 d - a potion of curing {unknown}


   Skills:
 - Level 2.0 Fighting
 + Level 2.4 Short Blades
 - Level 2.0 Throwing
 - Level 1.0 Dodging
 * Level 6.3 Stealth


You had 2 spell levels left.
You didn't know any spells.
Your spell library contained the following spells:

 Spells                   Type           Power      Damage    Failure   Level
 Blink                    Tloc           N/A        N/A       43%         2
 Lesser Beckoning         Tloc           0%         N/A       67%         3
 Manifold Assault         Tloc           0%         N/A       100%        5


Dungeon Overview and Level Annotations

Branches:
Dungeon (2/15)

Altars:

Annotations:
D:2 Robin


Innate Abilities, Weirdness & Mutations

You cannot wear most types of armour.
You are amphibious.
You can wear up to eight rings at the same time.
Your skin changes colour to match your surroundings (Stealth+).
Your rubbery body absorbs attacks. (AC +1, EV +1)
((You are camouflaged near water. (Stealth+)))
You have tentacles for arms and can constrict up to eight enemies at once.


Message History

A frilled lizard comes into view.
The goblin moves out of view.
The endoplasm quivers.
The goblin shouts!
You hear a shout! x5
You hit the goblin. You grab the goblin. You squeeze the goblin.
You kill the goblin!
A goblin comes into view. It is wielding a +0 club.
A goblin comes into view. It is wielding a +0 dagger.
Robin of the Strong Arm comes into view.
They are wielding a +0 club.
A goblin comes into view. It is wielding a +0 dagger.
You see here a +0 ring mail.
The goblin shouts!
You hit the endoplasm. You squeeze the endoplasm.
The endoplasm is severely wounded.
You hear a shout!
The endoplasm hits you.
A goblin comes into view. It is wielding a +0 dagger.
You hit the endoplasm.
The endoplasm is severely wounded.
The endoplasm freezes you.
You are frozen.
A goblin comes into view. It is wielding a +0 club.
Robin roars a battlecry!
The goblins go into a battle-frenzy!
You hit the endoplasm.
You kill the endoplasm!
The goblin barely misses you.
You have reached level 3!
Your experience leads to an increase in your attributes!
Increase (S)trength, (I)ntelligence, or (D)exterity?
You feel agile. Robin throws the goblin at you!
You hit the goblin. You grab the goblin.
The goblin is moderately wounded.
You constrict the goblin. The frilled lizard bites you.
The goblin hits you with a +0 club!
* * * LOW HITPOINT WARNING * * *
You release your grip on the goblin.
The goblin misses you. The goblin hits you with a +0 club!
You die...

.............##
..............
.#.....g.....
#..........###
#.(...g.g....#
.......gg..#
......g[)g.#
#......glg.#
#.......g@###...
##..............#
#....###.###.##.#
.[##...#.# #.#
.## . # #...#
..##..#
####.##.......
#.........?.#.
#.###......... #
#........#


You could see Robin, 9 goblins and a frilled lizard.

Vanquished Creatures
  4 ball pythons (D:1)
  2 endoplasms (D:2)
  2 giant cockroaches (D:1)
  A goblin (D:2)
  2 hobgoblins (D:1)
  A quokka (D:1)
  2 bats (D:1)
  4 frilled lizards (D:1)
  2 kobolds (D:1)
  2 rats
22 creatures vanquished.

Notes
Turn   | Place    | Note
-------+----------+-------------------------------------------
     0 | D:1      | Delamore the Octopode Brigand began the quest for the Orb.
     0 | D:1      | Reached XP level 1. HP: 14/14 MP: 1/1
   345 | D:1      | Reached XP level 2. HP: 15/19 MP: 2/2
   539 | D:1      | Reached skill level 6 in Stealth
   949 | D:2      | Noticed Robin
   953 | D:2      | Reached XP level 3. HP: 19/24 MP: 3/3
   955 | D:2      | Slain by a goblin

Illustrated notes

Levels and vault maps discovered:
D:1:      kilobyte_arrival_exit_the_forest, layout_rooms,
          corexii_item_surrounded_by_moat, chequers_big_river,
          minmay_misc_feat_five
D:2:      layout_rooms, uniq_robin

Skill      XL: |  1  2 |
---------------+-------+-----
Stealth        | 6 |  6.3
Fighting       | |  2.0
Short Blades   | |  2.4
Throwing       | |  2.0
Dodging        | |  1.0

Action                   || total
-------------------------++-------
Melee: Dagger            ||    36
       Constrict         ||     9
       Tentacles         ||     5
 Stab: Sleeping          ||     9
Armor: Skin              ||     1
Dodge: Dodged            ||    18
